 Dungeon Crawl Stone Soup version 0.30-a0-305-g026cb31310 (webtiles) character file.

Game seed: 16203233058516934892

1712846 PaperRat the Intangible (level 26, 203/203 (204) HPs)
             Began as a Vampire Ice Elementalist on Oct 20, 2022.
             Was the Champion of Kikubaaqudgha.
             Escaped with the Orb
             ... and 3 runes on Oct 22, 2022!
             The game lasted 08:42:12 (66954 turns).

PaperRat the Intangible (Vampire Ice Elementalist) Turns: 66954, Time: 08:42:12

HP:   203/203 (204) AC: 23    Str:  9    XL:     26   Next: 81%
MP:   31/42         EV: 33    Int: 30    God:    Kikubaaqudgha [******]
Gold: 687           SH: 18    Dex: 23    Spells: 3/55 levels left

rFire   + + .      SeeInvis +    a - +9 short sword (distort) {=R}
rCold   + . .      Faith    .    f - +5 kite shield {reflect}
rNeg    + . .      Spirit   .    Y - +4 leather armour of Xituesix {rElec rC+ rCorr}
rPois   +          Reflect  +    C - +2 hood of the Assassin {Detection Stab+ Stlth++}
rElec   +          Harm     .    F - +2 ratskin cloak {*Rats rPois rN+ Str-1 Int-1 Dex+1}
rCorr   +          Rampage  .    G - +2 pair of gloves
Will    +++++                    J - +2 pair of boots {Stlth+}
Stlth   ++++......               t - amulet of magic regeneration
HPRegen 0.73/turn                v - ring of Freedom {Will+ AC+4 Str+3 Int+3}
MPRegen 0.68/turn                e - ring of Imauxoro {rF+ Will+ rCorr Dex+6, =R}

@: healing quickly, studying 4 skills, lightly drained
A: alive, fangs 3, see invisible, vampiric 2, fire resistance 1, strong-willed 1
0: Orb of Zot
}: 3/15 runes: decaying, slimy, gossamer
a: Exsanguinate, Renounce Religion, Unearth Wretches, Torment


You escaped.
You worshipped Kikubaaqudgha.
Kikubaaqudgha was exalted by your worship.
You visited 12 branches of the dungeon, and saw 55 of its levels.
You visited the Abyss 1 time.
You visited 1 bazaar.
You also visited: Bailey, Ice Cave and Wizlab.

You collected 10598 gold pieces.
You spent 9911 gold pieces at shops.

Inventory:

Hand Weapons
 a - a +9 short sword of distortion (weapon) {=R}
Missiles
 y - 17 curare-tipped darts (quivered)
 I - 8 throwing nets {!f}
Armour
 f - a +5 kite shield of reflection (worn)
 g - the +0 pair of gloves of the Sun {-Tele rPois Int+4}
   (You took it off Nikola on level 2 of the Spider Nest)

   Int:       It affects your intelligence (+4).
   rPois:     It protects you from poison.
   -Tele:     It prevents most forms of teleportation.
 m - a +2 helmet
 C - the +2 hood of the Assassin (worn) {Detection Stab+ Stlth++}
   (You found it on level 3 of the Realm of Zot)

   It allows the wearer to sense nearby creatures.
   It allows the wearer to make particularly effective stabbing attacks against
   helpless or unaware enemies with any weapon.
   Stlth:     It makes you much more stealthy.
 F - the +2 ratskin cloak (worn) {*Rats rPois rN+ Str-1 Int-1 Dex+1}
   (You found it on level 5 of the Dungeon)

   When the wearer is hurt, rats may emerge from it to assist them.
   Str:       It affects your strength (-1).
   Int:       It affects your intelligence (-1).
   Dex:       It affects your dexterity (+1).
   rPois:     It protects you from poison.
   rN:        It protects you from negative energy.
 G - a +2 pair of gloves (worn)
 J - a +2 pair of boots of stealth (worn)
 O - a +2 pair of boots of flying
 Y - the +4 leather armour of Xituesix (worn) {rElec rC+ rCorr}
   (You found it on level 3 of the Crypt)

   rC:        It protects you from cold.
   rElec:     It insulates you from electricity.
   rCorr:     It protects you from acid and corrosion.
Jewellery
 e - the ring of Imauxoro (right hand) {rF+ Will+ rCorr Dex+6, =R}
   (You found it on level 3 of the Spider Nest)

   [ring of dexterity]

   Dex:       It affects your dexterity (+6).
   rF:        It protects you from fire.
   rCorr:     It protects you from acid and corrosion.
   Will:      It increases your willpower.
 p - the ring of the Jolly Seas {Will+ Int+6 Slay+3}
   (You found it in a wizard's laboratory)

   [ring of intelligence]

   Int:       It affects your intelligence (+6).
   Slay:      It affects your accuracy & damage with ranged weapons and melee
   (+3).
   Will:      It increases your willpower.
 t - an amulet of magic regeneration (around neck)
 v - the ring of Freedom (left hand) {Will+ AC+4 Str+3 Int+3}
   (You bought it in a shop in a bazaar)

   [ring of protection]

   AC:        It affects your AC (+4).
   Str:       It affects your strength (+3).
   Int:       It affects your intelligence (+3).
   Will:      It increases your willpower.
 w - a ring of protection from fire
Wands
 b - a wand of iceblast (22)
 c - a wand of light (17)
 d - a wand of digging (2)
 n - a wand of paralysis (16)
 z - a wand of mindburst (25)
Scrolls
 k - 17 scrolls of teleportation {@r3}
 r - 7 scrolls of enchant armour
 u - 6 scrolls of poison
 x - 6 scrolls of fog {@r2}
 A - 2 scrolls of amnesia
 H - 2 scrolls of fear {@r4}
 L - 3 scrolls of blinking {@r5}
 N - 10 scrolls of vulnerability
 P - a scroll of summoning
 W - 4 scrolls of immolation
Potions
 i - 8 potions of curing {@q1}
 j - 6 potions of brilliance {@q5}
 o - a potion of flight
 q - 6 potions of might {@q3}
 B - 2 potions of invisibility
 D - 2 potions of cancellation
 E - a potion of ambrosia
 K - 4 potions of magic
 M - 2 potions of haste {@q4}
 Q - 8 potions of mutation {@q6}
 R - 10 potions of resistance
 X - 11 potions of heal wounds {@q2}
Miscellaneous
 h - a box of beasts
 l - a lightning rod (4/4)
 s - a tin of tremorstones (2/2)
 V - a phantom mirror
 Z - a phial of floods


   Skills:
 + Level 16.1 Fighting
 - Level 10.0 Short Blades
 - Level 6.5 Armour
 O Level 27 Dodging
 + Level 18.4 Stealth
 - Level 10.0 Shields
 + Level 15.3 Spellcasting
 - Level 20.0 Hexes
 - Level 18.0 Summonings
 - Level 20.0 Necromancy
 - Level 4.0 Translocations
 - Level 4.0 Transmutations
 - Level 8.0 Ice Magic
 - Level 6.0 Earth Magic
 - Level 10.0 Evocations


You had 3 spell levels left.
You knew the following spells:

 Your Spells              Type           Power      Damage    Failure   Level
a - Borgnjor's Vile Clut  Necr/Erth      39%        N/A       1%          5
b - Yara's Violent Unrav  Hex/Tmut       38%        3d15      1%          5
c - Summon Cactus Giant   Summ           46%        N/A       1%          6
d - Haunt                 Necr/Summ      47%        N/A       1%          7
e - Sublimation of Blood  Necr           97%        N/A       0%          2
f - Simulacrum            Ice/Necr       41%        N/A       3%          6
g - Passwall              Tmut/Erth      43%        N/A       1%          2
s - Enfeeble              Hex            48%        N/A       1%          7
t - Blink                 Tloc           94%        N/A       1%          2
v - Summon Mana Viper     Hex/Summ       95%        N/A       1%          5
x - Dispel Undead         Necr           97%        3d30      0%          4
z - Apportation           Tloc           94%        N/A       1%          1

Your spell library contained the following spells:

 Spells                   Type           Power      Damage    Failure   Level
 Necrotise                Necr           100%       1d9       0%          1
 Call Imp                 Summ           93%        N/A       0%          2
 Call Canine Familiar     Summ           93%        N/A       0%          3
 Confusing Touch          Hex            97%        N/A       0%          3
 Tukima's Dance           Hex            97%        N/A       0%          3
 Freeze                   Ice            100%       1d10      1%          1
 Kiss of Death            Conj/Necr      100%       2d13      1%          1
 Sandblast                Erth           100%       2d20      1%          1
 Cigotuvi's Dreadful Rot  Necr/Pois/Air  100%       N/A       1%          2
 Dazzling Flash           Conj/Hex       100%       N/A       1%          3
 Frozen Ramparts          Ice            100%       1d16      1%          3
 Ozocubu's Armour         Ice            63%        N/A       1%          3
 Portal Projectile        Hex/Tloc       100%       N/A       1%          3
 Sting                    Tmut/Pois      100%       1d8       2%          1
 Hailstorm                Conj/Ice       47%        3d11      3%          3
 Lesser Beckoning         Tloc           94%        N/A       3%          3
 Momentum Strike          Conj/Tloc      70%        3d9       4%          2
 Stone Arrow              Conj/Erth      82%        3d12      5%          3
 Foxfire                  Conj/Fire      92%        2x1d8     6%          1
 Vhi's Electric Charge    Tloc/Air       70%        N/A       8%          3
 Poisonous Vapours        Pois/Air       46%        N/A       9%          2
 Scorch                   Fire           46%        2d7       9%          2
 Static Discharge         Conj/Air       46%        2-4/arc   9%          2
 Ignite Poison            Fire/Tmut/Pois 31%        N/A       11%         3
 Kindle Blastsparks       Fire/Tloc/Air  62%        2d15      11%         3
 Swiftness                Air            23%        N/A       19%         3
 Anguish                  Hex/Necr       48%        N/A       0%          4
 Animate Dead             Necr           97%        N/A       0%          4
 Fulminant Prism          Conj/Hex       35%        3d18      1%          4
 Leda's Liquefaction      Hex/Erth       39%        N/A       1%          4
 Summon Ice Beast         Ice/Summ       79%        N/A       1%          4
 Agony                    Necr           97%        N/A       1%          5
 Summon Forest            Summ/Tloc      36%        N/A       1%          5
 Death Channel            Necr           48%        N/A       1%          6
 Silence                  Hex/Air        35%        N/A       2%          5
 Monstrous Menagerie      Summ           46%        N/A       3%          7
 Summon Hydra             Summ           46%        N/A       3%          7
 Infestation              Necr           48%        N/A       11%         8
 Passage of Golubria      Tloc           47%        N/A       12%         4
 Lee's Rapid Deconstruct  Erth           28%        3d15*     14%         5
 Summon Horrible Things   Summ           46%        N/A       24%         8
 Iskenderun's Mystic Bla  Conj/Tloc      35%        2d8       26%         4
 Blade Hands              Tmut           23%        N/A       32%         5
 Freezing Cloud           Conj/Ice/Air   19%        6-21      50%         5
 Malign Gateway           Summ/Tloc      36%        N/A       50%         7
 Flame Wave               Conj/Fire      23%        2d8       52%         4
 Olgreb's Toxic Radiance  Pois           23%        N/A       52%         4
 Alistair's Intoxication  Tmut/Pois      23%        N/A       58%         5
 Statue Form              Tmut/Erth      34%        N/A       75%         6
 Arcjolt                  Conj/Air       11%        1d21      86%         5
 Fireball                 Conj/Fire      11%        3d7       86%         5
 Lightning Bolt           Conj/Air       11%        1d24      86%         5
 Dispersal                Tloc           23%        N/A       87%         6
 Ozocubu's Refrigeration  Ice            31%        4d14      88%         7
 Eringya's Noxious Bog    Tmut/Pois      17%        N/A       99%         6
 Starburst                Conj/Fire      11%        6d5       100%        6
 Orb of Destruction       Conj           11%        9d6       100%        7
 Maxwell's Capacitive Co  Air            11%        ∞         100%        8
 Necromutation            Tmut/Necr      Unusable   N/A       N/A         8

Dungeon Overview and Level Annotations

Branches:
Dungeon (15/15)            Temple (1/1) D:6            Lair (5/5) D:10
  Swamp (4/4) Lair:2       Spider (4/4) Lair:2        Slime (5/5) Lair:4
    Orc (2/2) D:10            Elf (3/3) Orc:2        Vaults (4/5) D:13
  Crypt (3/3) Vaults:2       Tomb (0/3) Crypt:3      Depths (4/4) D:15
    Zot (5/5) Depths:4     Bailey (visited)           IceCv (visited)
 WizLab (visited)

Altars:
Ashenzari
Cheibriados
Dithmenos
Fedhas
Gozag
Hepliaklqana
Kikubaaqudgha
Makhleb
Nemelex Xobeh
Okawaru
Qazlal
Ru
Sif Muna
Trog
Uskayaw
Vehumet
Wu Jian
Xom
Yredelemnul
Jiyva
Lugonu

Shops:
D:6 *   D:12 *   Orc:1 ==   Orc:2 (?=*[*   Elf:1 (?   Elf:2 [   Depths:2 *
Depths:4 **?*

Portals:
Hell: Depths:1 Depths:2 Depths:3 Depths:4
Abyss: Depths:1 Depths:3 Depths:4
Pandemonium: Depths:2 Depths:3
Ziggurat: Depths:3

Annotations:
Elf:2 3 runed translucent doors, exclusion: 3 doors
Abyss:1 Sojobo


Innate Abilities, Weirdness & Mutations

Your natural rate of healing is accelerated.
You have razor-sharp teeth.
You have supernaturally acute eyesight. (SInv)
You are afflicted with vampirism and can become a bat while bloodless.
Your flesh is heat resistant. (rF+)
You are strong-willed. (Will+)


Message History

Casting: Passwall (safe; 1% risk of failure)
Confirm with . or Enter, or press ? or * to list all spells.
Aiming: Passwall (safe; 1% risk of failure)
Press: ? - help, Dir - move target A rock wall.
This square is covered in magical glow.
You begin to meditate on the wall.
You continue meditating on the rock. x2
Magic restored.
You finish merging with the rock.
Casting: Passwall (safe; 1% risk of failure)
Confirm with . or Enter, or press ? or * to list all spells.
Aiming: Passwall (safe; 1% risk of failure)
Press: ? - help, Dir - move target A rock wall.
This square is covered in magical glow.
You begin to meditate on the wall.
You continue meditating on the rock. x4
You finish merging with the rock.
Casting: Passwall (safe; 1% risk of failure)
Confirm with . or Enter, or press ? or * to list all spells.
Aiming: Passwall (safe; 1% risk of failure)
Press: ? - help, Dir - move target A rock wall.
This square is covered in magical glow.
You begin to meditate on the wall.
You continue meditating on the rock. x2
Magic restored.
You continue meditating on the rock.
You finish merging with the rock.
There is a staircase leading out of the dungeon here.
Casting: Passwall (safe; 1% risk of failure)
Confirm with . or Enter, or press ? or * to list all spells.
Casting: Summon Cactus Giant (mildly dangerous; 1% risk of failure)
Confirm with . or Enter, or press ? or * to list all spells.
A mana viper appears with a sibilant hiss.
A deep troll earth mage comes into view.
The deep troll earth mage shouts!
A basilisk comes into view.
The basilisk hisses angrily.
Kikubaaqudgha calls piteous wretches from the earth!
A frost giant and a scorpion come into view.
You have escaped!

#.......................
#...†..................)
#...#######...#####...##
#...# #...# #...# #...#
#...# #...## #...#
#...#####.....
#...#######.............
#........s..............
#...>.S@J.......#####...
#....lCC.####...# #...
#...##T..# #...# #...
#...##...####...#####...
#.......................
#.......................
########################


You could see a frost giant (paralysed), a slime creature (paralysed), a deep
troll earth mage (paralysed), a basilisk (paralysed), a scorpion (paralysed), a
friendly mana viper (summoned) and a friendly cactus giant (summoned).

Vanquished Creatures
  the Royal Jelly (Slime:5)
  3 dread liches (Zot:5)
  An ancient lich (Crypt:1)
  Khufu (Crypt:3)
  2 orbs of fire
  A juggernaut (Depths:3)
  Parghit (Zot:4)
  Bai Suzhen (Crypt:3)
  A curse toe (Zot:3)
  A bone dragon (Crypt:3)
  2 golden dragons
  11 tentacled monstrosities
  11 Orb Guardians
  2 liches
  A deep elf blademaster (Elf:3)
  3 acid blobs (Slime:5)
  2 deep elf master archers (Elf:3)
  3 quicksilver dragons
  8 death cobs
  A tentacled starspawn (Abyss:4)
  5 sphinxes
  Kirke (D:12)
  The ghost of Qomixt the Thaumaturge, an adept DrCj of Sif Muna (Elf:2)
  2 ancient champions
  4 storm dragons
  2 tengu reavers
  7 draconian monks
  5 azure jellies
  4 revenants
  5 rockslimes
  4 shadow dragons
  A draconian knight (Zot:4)
  6 fire giants
  3 iron dragons
  3 deep elf sorcerers
  6 frost giants
  3 vault wardens
  A draconian scorcher (Zot:5)
  A cacodemon (WizLab)
  A balrug (WizLab)
  2 ghost moths (Spider:4)
  3 deep elf elementalists (Elf:3)
  2 draconian shifters
  The ghost of ouz the Sorcerer, an adept DECj of Sif Muna (Elf:2)
  3 curse skulls
  An orc warlord (Vaults:3)
  A juggernaut zombie (Abyss:3)
  4 broodmothers
  2 draconian stormcallers
  6 ghouls
  3 quicksilver oozes
  5 ironbound preservers
  3 ironbound thunderhulks
  18 very ugly things
  A reaper (IceCv)
  4 stone giants
  Nessos (D:15)
  A war gargoyle (Vaults:3)
  A deep elf demonologist (Elf:3)
  2 vampire knights
  5 dire elephants
  4 green draconians
  5 black draconians
  2 lorocyprocas
  5 white draconians
  An eleionoma (Swamp:2)
  3 deep elf annihilators
  A spark wasp (Depths:4)
  5 red draconians
  An eidolon (Crypt:2)
  Azrael (D:12)
  11 yellow draconians
  Snorg (D:14)
  9 purple draconians
  A blizzard demon (Depths:3)
  A deep elf death mage (Crypt:3)
  A mummy priest (Crypt:3)
  4 fire dragons
  5 ettins
  A spectral spriggan (Crypt:3)
  A green death (WizLab)
  11 jiangshi
  2 entropy weavers
  4 ice dragons
  5 great orbs of eyes
  3 yaktaur captains
  2 deep elf high priests (Elf:3)
  The ghost of Ycunkos the Carver, a journeyman MfGl of Vehumet (Lair:1)
  10 hydras
  Erolcha (Orc:1)
  The ghost of Potemkin the Blocker, a journeyman FoFi of Gozag (D:10)
  2 hell beasts
  4 ironbound frosthearts
  A jorogumo (Spider:3)
  2 rakshasas (Depths:1)
  The ghost of Pegupaph the Unseen, a journeyman FeFi of Okawaru (Swamp:1)
  11 centaur warriors
  A catoblepas (Lair:1)
  A ghost crab (Swamp:3)
  Erica (D:8)
  A two-headed ogre (D:13)
  An alligator (Swamp:3)
  An ogre mage (Vaults:4)
  4 boulder beetles
  3 death knights
  12 dancing weapons
  4 deep troll shamans
  5 orc high priests (Orc:2)
  Urug (D:11)
  5 tengu warriors
  6 vampire magi
  6 deep troll earth magi
  An azure jelly zombie (Crypt:1)
  3 thrashing horrors
  A spriggan berserker (Depths:2)
  6 deep elf knights
  4 hell knights
  3 sun demons
  A shadow wraith (Crypt:3)
  15 skeletal warriors
  7 iron trolls
  An orb spider (Spider:2)
  2 pharaoh ants (Spider:2)
  A sun moth (Spider:1)
  A shadow demon (WizLab)
  8 flayed ghosts
  8 bog bodies
  2 spriggan druids
  30 deep trolls
  An orb spider (shapeshifter) (Vaults:4)
  2 steelbarb worms
  2 swamp dragons (Swamp:4)
  A storm dragon skeleton (Crypt:1)
  4 lindwurms
  Pikel (D:8)
  5 deep elf archers
  4 wizards
  12 deep elf pyromancers
  4 ironbound convokers
  3 necromancers
  3 phantasmal warriors
  An obsidian statue (Zot:5)
  15 deep elf zephyrmancers
  5 harpies
  14 wolf spiders
  A fire giant zombie (Crypt:2)
  20 orc knights
  A salamander (Abyss:4)
  5 large abominations
  16 moths of wrath
  A shining eye (Slime:5)
  6 cyclopes
  16 ugly things
  3 manticores
  A rust devil (WizLab)
  3 elephants (Lair:2)
  An iron dragon skeleton (Crypt:1)
  4 vault sentinels
  5 black mambas
  11 cane toads
  A naga mage (Abyss:4)
  An ice statue (IceCv)
  4 torpor snails
  An orange demon (Depths:2)
  An eye of devastation (Slime:5)
  2 demonic crawlers
  3 nameless horrors
  An unseen horror (D:11)
  An efreet (D:14)
  2 rime drakes
  12 freezing wraiths
  A kobold demonologist (D:12)
  3 tormentors
  4 trolls
  18 yaktaurs
  2 hellwings (Depths:2)
  4 guardian mummies (Crypt:3)
  6 tengu conjurers
  5 ice devils
  An iron troll zombie (Crypt:1)
  4 tyrant leeches
  A queen bee (Lair:2)
  3 hornets (Lair:5)
  2 red devils (WizLab)
  2 meliai (D:15)
  A wolf spider simulacrum (D:13)
  19 tarantellas
  4 polar bears
  A raiju (Abyss:3)
  14 blink frogs
  45 slime creatures
  A tarantella zombie (Crypt:1)
  A draconian simulacrum (Crypt:2)
  3 centaur simulacra (D:13)
  11 jumping spiders
  41 flying skulls
  6 starcursed masses (Abyss:3)
  9 water elementals
  A ynoxinul (Depths:2)
  10 culicivoras
  3 shadows
  A fire elemental (Elf:2)
  15 wyverns
  A dire elephant simulacrum (Crypt:1)
  9 wraiths
  51 yaks
  A fire bat (Abyss:3)
  5 golden eyes
  A slime creature zombie (Crypt:2)
  2 hogs (D:12)
  3 chaos spawn
  23 redbacks
  12 vampire mosquitoes
  A neqoxec (Depths:3)
  2 death yak simulacra (IceCv)
  3 small abominations (Abyss:3)
  Edmund (D:6)
  4 swamp worms
  An acid dragon (D:6)
  A cane toad zombie (Crypt:1)
  A hell hound (D:12)
  17 water moccasins
  2 hydra simulacra (IceCv)
  A fire bat skeleton (Crypt:2)
  33 orc warriors
  A snapping turtle zombie (Crypt:2)
  2 sky beasts (D:6)
  A dream sheep zombie (Crypt:1)
  A black bear (shapeshifter) (D:14)
  5 black bears
  An ettin simulacrum (Crypt:2)
  2 ice beasts
  14 ogres
  26 wolves
  14 centaurs
  A snapping turtle skeleton (Crypt:1)
  2 phantoms (D:3)
  A lemure (D:8)
  An earth elemental (Elf:2)
  9 bullfrogs
  4 kobold brigands
  4 necrophages
  6 gnoll sergeants (Bailey)
  A scorpion (D:5)
  4 two-headed ogre simulacra (IceCv)
  A cane toad simulacrum (IceCv)
  10 wights
  Dowan (D:6)
  A spriggan zombie (Crypt:1)
  27 killer bees
  A howler monkey (D:9)
  An electric eel (D:13)
  A centaur zombie (Crypt:1)
  A quasit (D:11)
  5 hounds
  4 gnoll boudas
  21 orc priests
  A jelly (D:6)
  3 iron imps
  17 orc wizards
  2 iguanas
  6 spriggan simulacra (IceCv)
  2 troll simulacra (IceCv)
  A wolf simulacrum (IceCv)
  An acid dragon zombie (Crypt:2)
  A tengu zombie (Crypt:2)
  Robin (D:2)
  14 gnolls
  11 adders
  5 naga simulacra (IceCv)
  A shadow imp (D:5)
  12 white imps
  9 ufetubi
  3 worms
  5 dart slugs
  80 orcs
  8 bats
  3 endoplasms
  5 giant cockroaches
  19 goblins
  12 hobgoblins
  4 quokkas
  8 ball pythons
  2 frilled lizards
  A goblin zombie (Crypt:2)
  15 kobolds
  A quokka skeleton (Crypt:2)
  5 rats
1510 creatures vanquished.

Vanquished Creatures (collateral kills)
  An orb of fire (Zot:5)
  Josephina (Crypt:2)
  Vv (Crypt:1)
  2 Killer Klowns
  A caustic shrike (Depths:3)
  A golden dragon (Depths:3)
  Nikola (Spider:2)
  A profane servitor (Crypt:3)
  Arachne (Spider:3)
  A Brimstone Fiend (Depths:1)
  Zenata (Vaults:3)
  Jorgrun (Spider:3)
  Mlioglotl (Swamp:1)
  4 tentacled monstrosities
  11 Orb Guardians
  A deep elf blademaster (Elf:3)
  2 titans
  A lich (Crypt:1)
  A quicksilver dragon (Zot:3)
  The ghost of Duxop the Peltast, an adept TrMo of Okawaru (Spider:3)
  A tentacled starspawn (Abyss:3)
  3 death cobs
  6 acid blobs
  An ancient champion (Crypt:2)
  Gastronok (D:8)
  Donald (Swamp:3)
  3 storm dragons
  2 shadow dragons
  2 azure jellies
  3 draconian monks
  2 draconian knights
  4 rockslimes
  4 emperor scorpions
  A fire giant (Depths:3)
  2 frost giants
  3 draconian shifters
  3 ghost moths
  5 draconian scorchers
  4 vault wardens
  Louise (Depths:3)
  5 deep elf sorcerers (Elf:3)
  An angel (Depths:3)
  7 broodmothers
  2 orc warlords (Vaults:4)
  5 deep elf elementalists
  2 draconian stormcallers
  4 ironbound preservers
  2 draconian annihilators (Zot:4)
  A war gargoyle (Vaults:4)
  2 stone giants
  3 quicksilver oozes
  A reaper (D:15)
  6 very ugly things
  4 eleionomae
  The ghost of p0werm0de the Protected, a journeyman AtFi of Okawaru (Orc:2)
  4 green draconians
  A vampire knight (Crypt:1)
  6 black draconians
  A demonspawn black sun (WizLab)
  3 deep elf demonologists (Elf:3)
  6 yellow draconians
  7 purple draconians
  3 deep elf annihilators
  2 red draconians
  3 bunyips
  2 spark wasps
  4 dire elephants
  5 ettins
  6 white draconians
  3 green deaths
  A merfolk javelineer (Depths:1)
  A mummy priest (Crypt:3)
  11 entropy weavers
  9 great orbs of eyes
  A peacekeeper (Vaults:3)
  A hell beast (Swamp:4)
  3 jorogumos
  A rakshasa (Depths:1)
  2 spriggan air magi
  A vault guard (Vaults:1)
  A quicksilver dragon skeleton (Crypt:1)
  6 radroaches
  2 ironbound frosthearts (Vaults:1)
  3 death knights
  10 hydras
  9 alligators
  6 centaur warriors
  2 two-headed ogres
  The ghost of NigelTetley the Thaumaturge, a journeyman DECj of Vehumet (D:11)
  3 boulder beetles
  3 deep troll earth magi
  A dancing weapon (Elf:2)
  4 deep troll shamans
  A thrashing horror (Abyss:3)
  A vampire mage (Crypt:2)
  4 hell knights
  A soul eater (Depths:4)
  Nergalle (Lair:1)
  Sonja (D:11)
  2 deep elf knights
  6 pharaoh ants
  3 wretched stars
  3 iron trolls
  2 sun moths
  2 shadow wraiths (Crypt:3)
  13 deep trolls
  Lodul (D:14)
  A shadow demon (WizLab)
  5 steelbarb worms
  6 orb spiders
  5 skeletal warriors
  2 lindwurms (Vaults:2)
  5 bog bodies
  3 spriggan druids
  4 large abominations
  10 ironbound convokers
  4 glowing orange brains
  10 swamp dragons
  3 wizards
  4 deep elf archers
  9 orc knights
  2 necromancers (Crypt:1)
  3 deep elf pyromancers
  6 deep elf zephyrmancers
  9 ugly things
  21 wolf spiders
  4 shining eyes
  9 will-o-the-wisps
  12 moths of wrath
  2 rust devils
  3 black mambas (Lair:5)
  An elephant (Lair:2)
  2 guardian serpents
  6 torpor snails
  An eye of devastation (Slime:4)
  5 vault sentinels
  6 orange demons
  Maggie (D:8)
  9 cane toads (Lair:5)
  8 yaktaurs
  A smoke demon (Abyss:3)
  5 demonic crawlers
  A rime drake (Lair:5)
  An ice devil (WizLab)
  A hellion (WizLab)
  A tengu conjurer (Depths:1)
  4 hellwings
  A komodo dragon (Lair:5)
  3 guardian mummies (Crypt:3)
  3 trolls
  A meliai (D:15)
  2 red devils (WizLab)
  7 hornets
  An ancient zyme (Abyss:3)
  23 tarantellas
  8 tyrant leeches
  2 blink frogs (Lair:2)
  47 slime creatures
  6 flying skulls
  26 jumping spiders
  An air elemental (Elf:3)
  11 culicivoras
  A wraith (Crypt:3)
  3 ynoxinuls
  4 water elementals
  8 spriggans
  A shadow (Swamp:4)
  A vampire (D:12)
  23 yaks
  A dire elephant simulacrum (IceCv)
  7 wyverns
  A basilisk (Lair:5)
  2 hogs (D:12)
  5 fire elementals
  A chaos spawn (WizLab)
  A golden eye (Slime:5)
  A golden eye (shapeshifter) (D:15)
  7 neqoxecs
  47 redbacks
  4 vampire mosquitoes
  14 swamp worms
  A hydra simulacrum (IceCv)
  7 water moccasins
  Duvessa (D:6)
  2 hell hounds (D:12)
  14 orc warriors
  An ice beast (D:5)
  A starcursed mass (Abyss:3)
  4 wolves
  3 ogres
  5 centaurs
  3 nameless horrors
  A necrophage (Crypt:3)
  4 bullfrogs
  4 gnoll sergeants (Bailey)
  A naga simulacrum (Crypt:2)
  A two-headed ogre simulacrum (IceCv)
  2 wights
  5 killer bees
  A lava snake (D:8)
  A quasit (D:11)
  A hound (Bailey)
  A jelly (D:6)
  15 orc priests
  2 gnoll boudas (Bailey)
  2 iron imps
  An iguana (Lair:2)
  5 orc wizards
  A polar bear simulacrum (IceCv)
  A small abomination (Crypt:3)
  9 gnolls (Bailey)
  2 white imps
  4 ufetubi
  40 orcs
  A kobold (D:12)
928 creatures vanquished.

Vanquished Creatures (others)
  A tengu reaver (Depths:2)
  2 draconian knights
  3 broodmothers
  An ettin (Depths:3)
  A jorogumo (Spider:2)
  A tengu warrior (Depths:3)
  A soul eater (WizLab)
  A deep elf knight (Elf:2)
  A necromancer (Depths:3)
  2 wolf spiders
  A cyclops (D:12)
  A deep elf pyromancer (Elf:2)
  An orc sorcerer (Orc:1)
  A torpor snail (Spider:3)
  An unseen horror (D:11)
  A tengu conjurer (D:15)
  2 bloated husks
  A tarantella (Spider:3)
  A polar bear (shapeshifter) (D:12)
  A centaur simulacrum (Crypt:2)
  2 culicivoras (Spider:3)
  A jumping spider (Spider:2)
  A water elemental (Depths:3)
  3 yaks (Lair:1)
  A steam dragon (D:12)
  6 dancing weapons
  5 orc warriors
  A bullfrog (Lair:1)
  A gnoll sergeant (D:12)
  A hound (D:12)
  A jelly (D:12)
  A gnoll (D:12)
  A kobold (D:12)
  34 foxfires
  30 fungi
  81 plants
  6 starspawn tentacles
201 creatures vanquished.

Grand Total: 2639 creatures vanquished

Notes
Turn   | Place    | Note
-------+----------+-------------------------------------------
     0 | D:1      | PaperRat the Vampire Ice Elementalist began the quest for
                  | the Orb.
     0 | D:1      | Reached XP level 1. HP: 13/13 MP: 3/3
   269 | D:1      | Reached XP level 2. HP: 19/19 MP: 3/5
   945 | D:2      | Got Uffi's Compilation of Shadows and Shifting
   999 | D:2      | Gained mutation: You are afflicted with vampirism and can
                  | become a bat while bloodless. [Vampire growth]
   999 | D:2      | Reached XP level 3. HP: 21/24 MP: 4/6
  1022 | D:2      | Learned a level 3 spell: Frozen Ramparts
  1192 | D:2      | Noticed Robin
  1198 | D:2      | Killed Robin
  1334 | D:2      | Identified the +7 mace of Triumph {vorpal, rF+ Dex+4
                  | Stlth+}
  1368 | D:2      | Reached XP level 4. HP: 30/30 MP: 1/8
  1447 | D:2      | Reached skill level 5 in Ice Magic
  2111 | D:2      | Learned a level 4 spell: Summon Ice Beast
  2312 | D:3      | Reached XP level 5. HP: 35/35 MP: 4/9
  2435 | D:3      | Reached skill level 1 in Summonings
  3003 | D:3      | Found a faded altar of an unknown god.
  3133 | D:4      | Noticed a phantom
  3224 | D:4      | Noticed a black bear
  3295 | D:4      | Reached skill level 1 in Fighting
  3486 | D:4      | Reached XP level 6. HP: 42/43 MP: 8/10
  3663 | D:3      | Learned a level 3 spell: Confusing Touch
  3827 | D:4      | Reached XP level 7. HP: 43/50 MP: 4/11
  4221 | D:4      | Found an iron altar of Okawaru.
  4317 | D:5      | Entered Level 5 of the Dungeon
  4740 | D:5      | Reached skill level 5 in Summonings
  4740 | D:5      | Reached XP level 8. HP: 48/56 MP: 9/12
  4952 | D:5      | Found the +2 ratskin cloak {*Rats rPois rN+ Str-1 Int-1
                  | Dex+1}
  5340 | D:6      | Noticed Edmund
  5358 | D:6      | Killed Edmund
  5359 | D:6      | Reached skill level 1 in Hexes
  5516 | D:6      | Reached skill level 3 in Dodging
  5516 | D:6      | Reached skill level 5 in Stealth
  5697 | D:6      | Noticed Duvessa
  5703 | D:6      | Noticed Dowan
  5710 | D:6      | Killed Duvessa
  5727 | D:6      | Killed Dowan
  5728 | D:6      | Reached XP level 9. HP: 63/63 MP: 12/15
  5956 | D:6      | Found a staircase to the Ecumenical Temple.
  5973 | Temple   | Entered the Ecumenical Temple
  6023 | Temple   | Became a worshipper of Kikubaaqudgha
  6072 | D:6      | Learned a level 3 spell: Tukima's Dance
  6229 | D:6      | Found Fitoth's General Store.
  6237 | D:6      | Bought a scroll of enchant armour for 90 gold pieces
  6237 | D:6      | Bought a wand of iceblast (3) for 86 gold pieces
  6277 | D:6      | Reached skill level 4 in Dodging
  6277 | D:6      | Reached skill level 5 in Hexes
  6378 | D:6      | Found a hazy altar of Hepliaklqana.
  6616 | D:7      | Found an ornate altar of the Wu Jian Council.
  6787 | D:7      | Reached skill level 1 in Short Blades
  6798 | D:7      | Reached skill level 1 in Evocations
  6951 | D:7      | Found an opulent altar of Gozag.
  7655 | D:8      | Noticed Erica
  8052 | D:8      | Noticed Pikel
  8061 | D:8      | Killed Pikel
  8062 | D:8      | Reached XP level 10. HP: 70/71 MP: 7/17
  8167 | D:8      | Noticed Maggie
  8178 | D:8      | Killed Maggie
  8179 | D:8      | Reached skill level 5 in Spellcasting
  8666 | D:8      | Noticed Gastronok
  8673 | D:8      | Reached * piety under Kikubaaqudgha
  8673 | D:8      | Received a gift from Kikubaaqudgha
  8699 | D:8      | Killed Gastronok
  8823 | D:8      | Found a hide-covered altar of Uskayaw.
  9027 | D:8      | Learned a level 3 spell: Ozocubu's Armour
  9039 | D:8      | Killed Erica
  9230 | D:9      | Reached skill level 5 in Fighting
  9239 | D:9      | Reached skill level 5 in Short Blades
  9246 | D:9      | Reached XP level 11. HP: 67/80 MP: 3/18
  9249 | D:9      | Reached skill level 10 in Stealth
  9400 | D:9      | Found a shimmering blue altar of Sif Muna.
  9460 | D:9      | Reached ** piety under Kikubaaqudgha
  9689 | D:9      | Found a burning altar of Makhleb.
  9822 | D:9      | Reached skill level 10 in Hexes
 10341 | D:10     | Entered Level 10 of the Dungeon
 10413 | D:10     | Reached skill level 5 in Dodging
 10422 | D:10     | Reached *** piety under Kikubaaqudgha
 10422 | D:10     | Received a gift from Kikubaaqudgha
 10433 | D:10     | Found a staircase to the Orcish Mines.
 10543 | D:10     | Found a flagged portal.
 10601 | Bailey   | Entered a bailey
 11263 | Bailey   | Reached **** piety under Kikubaaqudgha
 11360 | Bailey   | Reached skill level 6 in Dodging
 11531 | D:10     | Learned a level 6 spell: Simulacrum
 11549 | D:10     | Found a staircase to the Lair.
 11803 | D:10     | Reached skill level 1 in Necromancy
 12013 | D:10     | Found a runed translucent door.
 12015 | D:10     | Noticed Potemkin's ghost (journeyman FoFi)
 12346 | D:10     | Noticed an orc knight
 12367 | D:10     | Killed Potemkin's ghost
 12368 | D:10     | Reached XP level 12. HP: 86/89 MP: 7/22
 12586 | D:10     | Upgraded the game from 0.30-a0-304-gdc4b735fe1 to
                  | 0.30-a0-305-g026cb31310
 12587 | Lair:1   | Entered Level 1 of the Lair of Beasts
 12587 | Lair:1   | Noticed a catoblepas
 12588 | Lair:1   | Noticed a six-headed hydra
 12600 | Lair:1   | Noticed Nergalle
 12607 | Lair:1   | Killed a six-headed hydra
 12608 | Lair:1   | Reached skill level 7 in Dodging
 12695 | Lair:1   | Found a runed translucent door.
 12695 | Lair:1   | Found a shimmering altar of Xom.
 12695 | Lair:1   | Noticed Ycunkos's ghost (journeyman MfGl)
 12776 | Lair:1   | Killed a catoblepas
 12991 | Lair:1   | Killed Nergalle
 13553 | Lair:2   | Noticed a four-headed hydra
 13564 | Lair:2   | Killed a four-headed hydra
 13565 | Lair:2   | Reached skill level 8 in Dodging
 13565 | Lair:2   | Reached skill level 5 in Necromancy
 13696 | Lair:2   | Found a frozen archway.
 13792 | IceCv    | Entered an ice cave
 14167 | IceCv    | Reached ***** piety under Kikubaaqudgha
 14537 | IceCv    | Learned a level 4 spell: Dispel Undead
 14797 | IceCv    | Noticed a reaper
 15078 | IceCv    | Found the +4 skin of Zhor {*Englaciate rC+++ SInv}
 15537 | IceCv    | Killed a reaper
 15613 | IceCv    | Got the Essays on the Birds
 15688 | Lair:2   | Noticed a four-headed hydra
 15707 | Lair:2   | Killed a four-headed hydra
 15783 | Lair:2   | Noticed a four-headed hydra
 15788 | Lair:2   | Reached XP level 13. HP: 98/98 MP: 19/23
 15887 | Lair:2   | Reached skill level 10 in Short Blades
 16046 | Lair:2   | Found a hole to the Spider Nest.
 16698 | Lair:2   | Found a staircase to the Swamp.
 16718 | Lair:2   | Reached skill level 10 in Necromancy
 17283 | Lair:3   | Reached ****** piety under Kikubaaqudgha
 17284 | Lair:3   | Received a gift from Kikubaaqudgha
 17647 | Lair:3   | Identified the +0 scale mail "Cibeuv" {Str+5}
 18202 | Lair:4   | Found a runed translucent door.
 18203 | Lair:4   | Found a viscous altar of Jiyva.
 18203 | Lair:4   | Noticed an azure jelly
 18204 | Lair:4   | Noticed an azure jelly
 18227 | Lair:4   | Found a staircase to the Slime Pits.
 18227 | Lair:4   | Noticed an azure jelly
 18791 | Lair:5   | Entered Level 5 of the Lair of Beasts
 18821 | Lair:5   | Reached skill level 9 in Dodging
 19236 | Lair:5   | Reached XP level 14. HP: 92/105 MP: 15/26
 19704 | Lair:5   | Reached skill level 10 in Dodging
 20780 | Lair:1   | Killed Ycunkos's ghost
 20793 | Lair:1   | Learned a level 2 spell: Blink
 20960 | D:11     | Found a transporter.
 20961 | D:11     | Noticed NigelTetley's ghost (journeyman DECj)
 20984 | D:11     | Found a transporter.
 21051 | D:11     | Killed NigelTetley's ghost
 21052 | D:11     | Reached skill level 10 in Summonings
 21052 | D:11     | Reached skill level 1 in Translocations
 21234 | D:11     | Noticed Sonja
 21237 | D:11     | Killed Sonja
 21510 | D:11     | Noticed Urug
 21527 | D:11     | Killed Urug
 21643 | D:12     | Noticed Kirke
 21772 | D:12     | Noticed Azrael
 21784 | D:12     | Killed Azrael
 21797 | D:12     | Found Omuagras's General Store.
 21828 | D:12     | Bought a scroll of blinking for 112 gold pieces
 21828 | D:12     | Bought a potion of flight for 45 gold pieces
 22124 | D:12     | Killed Kirke
 22325 | D:12     | You fall into a shaft and drop 1 floor!
 22326 | D:13     | Identified a scroll of acquirement
 22592 | D:12     | Acquired 673 gold pieces
 22856 | D:13     | Reached skill level 1 in Shields
 22858 | D:13     | Reached XP level 15. HP: 99/110 MP: 20/28
 23007 | D:13     | Learned a level 2 spell: Passwall
 23219 | D:13     | Found a gate to the Vaults.
 24054 | D:14     | Noticed Snorg
 24061 | D:14     | Killed Snorg
 24166 | D:14     | Noticed Lodul
 24242 | D:14     | Killed Lodul
 24319 | D:14     | Reached skill level 5 in Shields
 24958 | Orc:1    | Entered Level 1 of the Orcish Mines
 24994 | Orc:1    | Found Sanwoa's Jewellery Boutique.
 25015 | Orc:1    | Found Vaul's Jewellery Emporium.
 25026 | Orc:1    | Noticed Erolcha
 25058 | Orc:1    | Killed Erolcha
 25432 | Orc:2    | Entered Level 2 of the Orcish Mines
 25578 | Orc:2    | Found a runed translucent gate.
 25592 | Orc:2    | Found Ammogran's Overcharged Wands.
 25666 | Orc:2    | Found a runed translucent gate.
 25666 | Orc:2    | Noticed p0werm0de's ghost (journeyman AtFi)
 25667 | Orc:2    | Found a runed translucent gate.
 25674 | Orc:2    | Identified the +8 chain mail of Udaraah {+Inv Will+ Str+6
                  | Int-5}
 25755 | Orc:2    | Found Zisiten's Antique Weapon Shoppe.
 26041 | Orc:2    | Found a staircase to the Elven Halls.
 27098 | Orc:2    | Found Vonlov's Magic Scroll Shop.
 27098 | Orc:2    | Found Suenefor's Jewellery Shop.
 27099 | Orc:2    | Found Rejaremp's Armour Boutique.
 27099 | Orc:2    | Found Qaellef's General Store.
 27107 | Orc:2    | Bought a scroll of fear for 68 gold pieces
 27107 | Orc:2    | Bought a scroll of vulnerability for 68 gold pieces
 27107 | Orc:2    | Bought a scroll of fear for 68 gold pieces
 27107 | Orc:2    | Bought a scroll of identify for 34 gold pieces
 27111 | Orc:2    | Bought a scroll of immolation for 56 gold pieces
 27111 | Orc:2    | Bought a scroll of fear for 56 gold pieces
 27111 | Orc:2    | Bought a scroll of poison for 56 gold pieces
 27112 | Orc:2    | Bought a ring of willpower for 375 gold pieces
 27131 | Orc:2    | Bought a +0 pair of boots of flying for 184 gold pieces
 27143 | Orc:2    | Bought a scroll of enchant armour for 127 gold pieces
 27204 | Orc:2    | Bought an ivory scimitar for 270 gold pieces
 27204 | Orc:2    | Identified the +1 scimitar "Imiriwn" {vorpal, Will++ Str-3
                  | SInv} (You bought it in a shop on level 2 of the Orcish
                  | Mines)
 27204 | Orc:2    | Bought a smoking flail for 255 gold pieces
 27204 | Orc:2    | Identified the +7 flail of Tyoxtoag {venom, rElec Will-
                  | Dex+7} (You bought it in a shop on level 2 of the Orcish
                  | Mines)
 27282 | Orc:2    | Acquired 930 gold pieces
 27329 | Orc:2    | Bought a glowing quick blade for 540 gold pieces
 27390 | Orc:2    | Bought the ring of Gasa {Fire Drain Int+5} for 553 gold
                  | pieces
 27492 | Orc:2    | Bought a wand of iceblast (18) for 648 gold pieces
 27685 | D:15     | Entered Level 15 of the Dungeon
 27977 | D:15     | Noticed Nessos
 28032 | D:15     | Killed Nessos
 28118 | D:15     | Reached skill level 15 in Necromancy
 28153 | D:15     | Reached skill level 10 in Spellcasting
 28158 | D:15     | Found a staircase to the Depths.
 28172 | D:15     | Reached XP level 16. HP: 99/117 MP: 21/30
 28747 | D:15     | Learned a level 7 spell: Haunt
 28914 | Spider:1 | Entered Level 1 of the Spider Nest
 30278 | Spider:2 | Identified the +0 pair of gloves of the Sun {-Tele rPois
                  | Int+4}
 30278 | Spider:2 | Noticed Nikola
 30283 | Spider:2 | Killed Nikola
 31299 | Spider:2 | Reached skill level 1 in Transmutations
 31409 | Spider:2 | Learned a level 6 spell: Summon Cactus Giant
 31410 | Spider:3 | Noticed Jorgrun
 31466 | Spider:3 | Found a runed translucent gate.
 31620 | Spider:3 | Noticed Arachne
 31677 | Spider:3 | Killed Arachne
 31915 | Spider:3 | Noticed Duxop's ghost (adept TrMo)
 31955 | Spider:3 | Reached XP level 17. HP: 114/122 MP: 0/32
 32181 | Spider:3 | Reached skill level 5 in Evocations
 32476 | Spider:3 | Found a runed translucent gate.
 32480 | Spider:3 | Found a runed translucent gate.
 32504 | Spider:3 | Killed Jorgrun
 32725 | Spider:3 | Killed Duxop's ghost
 32749 | Spider:3 | Identified the ring of Zin's Reproof {Fly rPois Int-5
                  | Dex+6}
 32754 | Spider:3 | Identified the ring of Imauxoro {rF+ Will+ rCorr Dex+6}
 33017 | Orc:2    | Reached skill level 11 in Dodging
 33032 | Orc:2    | Killed p0werm0de's ghost
 33378 | Spider:4 | Entered Level 4 of the Spider Nest
 34115 | Spider:4 | Reached skill level 12 in Dodging
 34124 | Spider:4 | Reached skill level 10 in Fighting
 34494 | Spider:4 | Reached skill level 13 in Dodging
 34521 | Spider:4 | Reached XP level 18. HP: 108/136 MP: 3/33
 34827 | Spider:4 | Got a gossamer rune of Zot
 35159 | Swamp:1  | Entered Level 1 of the Swamp
 35166 | Swamp:1  | Reached skill level 1 in Armour
 35310 | Swamp:1  | Noticed Mlioglotl
 35323 | Swamp:1  | Killed Mlioglotl
 35693 | Swamp:1  | Found a runed translucent door.
 35694 | Swamp:1  | Noticed Pegupaph's ghost (journeyman FeFi)
 35705 | Swamp:1  | Killed Pegupaph's ghost
 36359 | Swamp:3  | Reached skill level 14 in Dodging
 36599 | Swamp:3  | Noticed Donald
 36607 | Swamp:3  | Killed Donald
 36936 | Swamp:4  | Entered Level 4 of the Swamp
 37118 | Swamp:4  | Reached skill level 1 in Earth Magic
 37237 | Swamp:4  | Got a decaying rune of Zot
 37303 | Swamp:4  | Learned a level 5 spell: Borgnjor's Vile Clutch
 37437 | Swamp:4  | Found an ancient bone altar of Kikubaaqudgha.
 37596 | Swamp:4  | Reached skill level 15 in Dodging
 37896 | Swamp:4  | Reached XP level 19. HP: 148/148 MP: 11/34
 38338 | Elf:1    | Entered Level 1 of the Elven Halls
 38414 | Elf:1    | Found Ehameudgh's Magic Scroll Shoppe.
 38421 | Elf:1    | Bought a scroll of vulnerability for 68 gold pieces
 38421 | Elf:1    | Bought a scroll of teleportation for 51 gold pieces
 38421 | Elf:1    | Bought a scroll of enchant weapon for 127 gold pieces
 38421 | Elf:1    | Bought a scroll of teleportation for 51 gold pieces
 38421 | Elf:1    | Bought a scroll of immolation for 68 gold pieces
 38421 | Elf:1    | Bought a scroll of vulnerability for 68 gold pieces
 38421 | Elf:1    | Found Lanofatu's Weapon Emporium.
 38833 | Elf:1    | Reached skill level 5 in Earth Magic
 38891 | Elf:1    | Got Asmodeus's Octavo of Conjuring
 39495 | Elf:2    | Found Higy's Antique Armour Shoppe.
 39517 | Elf:2    | Bought a pair of glowing boots for 210 gold pieces
 39517 | Elf:2    | Bought a tattered robe for 159 gold pieces
 39517 | Elf:2    | Identified the +1 robe of Starshine {rPois Str+2} (You
                  | bought it in a shop on level 2 of the Elven Halls)
 39686 | Elf:2    | Found a runed translucent gate.
 39686 | Elf:2    | Found a runed translucent gate.
 39687 | Elf:2    | Found a runed translucent gate.
 39690 | Elf:2    | Noticed ouz's ghost (adept DECj)
 39690 | Elf:2    | Noticed Qomixt's ghost (adept DrCj)
 39949 | Elf:2    | Found a runed translucent gate.
 39949 | Elf:2    | Found a runed translucent gate.
 39974 | Elf:2    | Found a runed translucent gate.
 40195 | Elf:2    | Killed ouz's ghost
 40206 | Elf:2    | Killed Qomixt's ghost
 40207 | Elf:2    | Reached skill level 16 in Dodging
 40284 | Elf:3    | Entered Level 3 of the Elven Halls
 40399 | Elf:3    | Paralysed by an air elemental for 1 turns
 41074 | Abyss:3  | Cast into level 3 of the Abyss (a deep elf demonologist)
 41076 | Abyss:3  | Found a corrupted altar of Lugonu.
 41242 | Abyss:3  | Noticed a bone dragon
 41251 | Abyss:3  | Found a corrupted altar of Lugonu.
 41512 | Abyss:3  | Noticed a hellephant
 41646 | Abyss:4  | Found a corrupted altar of Lugonu.
 41680 | Abyss:4  | Reached skill level 17 in Dodging
 41744 | Elf:3    | Escaped the Abyss
 42015 | Elf:3    | Identified the +8 trident "Fuesonnyc" {flame, rC+}
 42090 | Elf:3    | Identified the ring of Zuir {Contam rPois Dex+6 SInv}
 42096 | Elf:3    | Reached skill level 18 in Dodging
 42193 | Elf:3    | Reached XP level 20. HP: 136/159 MP: 20/35
 42387 | Elf:3    | Identified the +3 hand axe of Defilement {vorpal, rC+++
                  | Dex+4 Stlth-}
 42388 | Elf:3    | Identified the +10 plate armour "Kenen" {rCorr}
 42872 | Vaults:1 | Entered Level 1 of the Vaults
 43610 | Vaults:1 | Reached skill level 19 in Dodging
 43963 | Vaults:1 | Identified the +2 whip of Forgiveness {distort, Int+2}
 45281 | Vaults:2 | Found a staircase to the Crypt.
 45281 | Vaults:2 | Found an ancient bone altar of Kikubaaqudgha.
 45281 | Vaults:2 | Found a basalt altar of Yredelemnul.
 45428 | Vaults:2 | Reached skill level 20 in Dodging
 45603 | Vaults:3 | Noticed Zenata
 45608 | Vaults:3 | Killed Zenata
 45848 | Vaults:3 | Reached XP level 21. HP: 165/165 MP: 21/37
 47856 | Vaults:4 | Reached skill level 21 in Dodging
 48248 | Vaults:4 | Reached skill level 15 in Fighting
 48248 | Vaults:4 | Reached skill level 10 in Evocations
 48866 | Crypt:1  | Entered Level 1 of the Crypt
 48891 | Crypt:1  | Found a magical portal.
 48900 | WizLab   | Entered The Hall of the Hellbinder
 49173 | WizLab   | Found a burning altar of Makhleb.
 49179 | WizLab   | Identified the +3 lajatang of a sewer {vamp, Int+3 Dex+4}
 49179 | WizLab   | Noticed Ixkeac
 49189 | WizLab   | Banished Ixkeac the Hellbinder
 49263 | WizLab   | Identified the ring of the Jolly Seas {Will+ Int+6 Slay+3}
 49268 | WizLab   | Identified the amulet "Xoto Xidaec" {Acrobat Fly rC++
                  | Regen+ Str-5}
 49271 | WizLab   | Got Giuketh's Volume of the Snowflakes and Ensorcelling
 49292 | WizLab   | Got Arghuud's Grimoire of Beckoning
 49297 | WizLab   | Got The Testament of the Blind Seer
 49948 | Crypt:1  | Noticed Vv
 49963 | Crypt:1  | Killed Vv
 49964 | Crypt:1  | Reached skill level 22 in Dodging
 49964 | Crypt:1  | Reached XP level 22. HP: 159/169 MP: 22/38
 49972 | Crypt:1  | Learned a level 7 spell: Enfeeble
 50116 | Crypt:1  | Noticed an ancient lich
 50129 | Crypt:1  | Killed an ancient lich
 50323 | Crypt:1  | Found the +6 Majin-Bo {vamp, MP+6 Int+6}
 51021 | Crypt:2  | Identified the ring of Urureh {Ice rElec rPois Dex-2 SInv}
 51021 | Crypt:2  | Noticed Josephina
 51115 | Crypt:2  | Killed Josephina
 51404 | Crypt:3  | Entered Level 3 of the Crypt
 51604 | Crypt:3  | Noticed Bai Suzhen
 51620 | Crypt:3  | Killed Bai Suzhen
 51761 | Crypt:3  | Found a basalt altar of Yredelemnul.
 52083 | Crypt:3  | Found the +8 demon blade "Leech" {vamp, Harm Drain rN+}
 52117 | Crypt:3  | Identified the +9 hand axe of the Hand {protect, rElec
                  | Int+3}
 52118 | Crypt:3  | Identified the ring "Juucicev" {*Corrode rPois rN+++ Int+2
                  | Dex-4 Slay+4}
 52163 | Crypt:3  | Reached XP level 23. HP: 183/183 MP: 23/39
 52164 | Crypt:3  | Identified the +4 leather armour of Xituesix {rElec rC+
                  | rCorr}
 52233 | Crypt:3  | Reached skill level 15 in Hexes
 52377 | Crypt:3  | Found a staircase to the Tomb.
 52377 | Crypt:3  | Noticed Khufu
 52387 | Crypt:3  | Killed Khufu
 52446 | Crypt:3  | Found the +7 great mace "Undeadhunter" {disrupt, rN+}
 52710 | Crypt:3  | Learned a level 2 spell: Sublimation of Blood
 52712 | Crypt:3  | Learned a level 1 spell: Apportation
 53219 | Slime:1  | Entered Level 1 of the Pits of Slime
 53331 | Slime:2  | Reached skill level 5 in Armour
 53451 | Slime:4  | Gained mutation: Your flesh is heat resistant. (rF+) [a
                  | shining eye]
 53463 | Slime:4  | Reached XP level 24. HP: 138/191 MP: 18/40
 53539 | Slime:5  | Entered Level 5 of the Pits of Slime
 53718 | Slime:5  | Found a viscous altar of Jiyva.
 53718 | Slime:5  | Noticed the Royal Jelly
 53736 | Slime:5  | Killed the Royal Jelly
 53806 | Slime:5  | Found the +8 orange crystal plate armour {Archmagi, Int+3
                  | Clar}
 53812 | Slime:5  | Identified the +2 leather armour "Idec" {rC+ Str+7}
 53815 | Slime:5  | Identified the ring of Abstinence {Ice Fly rPois MP+9}
 53819 | Slime:5  | Got a slimy rune of Zot
 53847 | Slime:5  | Identified the +9 spear "Ximnoageug" {distort, rElec rN+
                  | MP-9 Int+4}
 53862 | Slime:5  | Acquired a Grand Grimoire
 53870 | Slime:5  | Identified the +1 morningstar "Zius" {holy, *Noise rCorr
                  | Str-2 SInv}
 53872 | Slime:5  | Identified the +4 battleaxe of Body {freeze, Dex+5}
 54136 | Depths:1 | Entered Level 1 of the Depths
 54443 | Depths:1 | Found a corrupted altar of Lugonu.
 54445 | Depths:1 | Found a one-way gate to the infinite horrors of the Abyss.
 54975 | Depths:1 | Found a gateway to Hell.
 55085 | Depths:2 | Found Quitoot's Assorted Antiques.
 55095 | Depths:2 | Bought a scroll of acquirement for 2028 gold pieces
 55095 | Depths:2 | Acquired 797 gold pieces
 55097 | Depths:2 | Bought a scroll of magic mapping for 292 gold pieces
 55097 | Depths:2 | Bought a potion of brilliance for 156 gold pieces
 55097 | Depths:2 | Bought 2 potions of resistance for 780 gold pieces
 55109 | Depths:2 | Noticed Sojobo
 55126 | Depths:2 | Banished Sojobo
 55792 | Depths:2 | Identified the +5 scale mail "Kussoluti" {rCorr Str+4
                  | Int-5}
 55934 | Depths:2 | Identified the +5 long sword of Deflation {protect, Int+5
                  | Dex-3}
 55994 | Depths:2 | Found a one-way gate leading to the halls of Pandemonium.
 56335 | Depths:2 | Learned a level 5 spell: Yara's Violent Unravelling
 56372 | Depths:3 | Reached skill level 15 in Summonings
 56436 | Depths:3 | Noticed Louise
 56445 | Depths:3 | Killed Louise
 56796 | Depths:3 | Found a one-way gateway to a ziggurat.
 57293 | Depths:3 | Noticed a juggernaut
 57307 | Depths:3 | Killed a juggernaut
 57433 | Depths:3 | Reached XP level 25. HP: 162/197 MP: 1/41
 57523 | Depths:3 | Identified the +3 buckler of Impressiveness {SInv}
 57695 | Depths:3 | Found a shimmering altar of Xom.
 57843 | Depths:4 | Entered Level 4 of the Depths
 57967 | Depths:4 | Found a sacrificial altar of Ru.
 58061 | Depths:4 | Found a gateway to a bazaar.
 58094 | Bazaar   | Entered a bazaar
 58100 | Bazaar   | Found Tenwioc's Assorted Antiques.
 58111 | Bazaar   | Found Kiugorui's Magic Scroll Boutique.
 58113 | Bazaar   | Found Udghilady's Distillery.
 58117 | Bazaar   | Found Gaghoolou's Jewellery Shop.
 58122 | Bazaar   | Found Ecaolig's General Store.
 58144 | Bazaar   | Bought a scroll of teleportation for 21 gold pieces
 58156 | Bazaar   | Bought a potion of curing for 54 gold pieces
 58156 | Bazaar   | Bought a potion of heal wounds for 90 gold pieces
 58156 | Bazaar   | Bought a potion of resistance for 180 gold pieces
 58156 | Bazaar   | Bought a potion of heal wounds for 90 gold pieces
 58162 | Bazaar   | Bought a scroll of fog for 64 gold pieces
 58162 | Bazaar   | Bought a scroll of enchant armour for 120 gold pieces
 58170 | Bazaar   | Bought 2 potions of resistance for 380 gold pieces
 58170 | Bazaar   | Bought a potion of flight for 57 gold pieces
 58188 | Bazaar   | Bought the ring of Freedom {Will+ AC+4 Str+3 Int+3} for 489
                  | gold pieces
 58218 | Depths:4 | Found Naasoyr's Magic Scroll Emporium.
 58225 | Depths:4 | Found Uteuhuun's General Store.
 58306 | Depths:4 | Found Usuxipege's Assorted Antiques.
 58661 | Depths:4 | Found Ycenlott's Assorted Antiques.
 58758 | Depths:4 | Bought a potion of heal wounds for 130 gold pieces
 58758 | Depths:4 | Bought a scroll of blinking for 195 gold pieces
 58930 | Depths:4 | Reached skill level 15 in Spellcasting
 59144 | Depths:4 | Found a gate to the Realm of Zot.
 59328 | Depths:4 | Bought a scroll of blinking for 292 gold pieces
 59392 | Zot:1    | Entered Level 1 of the Realm of Zot
 60169 | Zot:1    | Learned a level 5 spell: Summon Mana Viper
 60232 | Zot:1    | Reached skill level 10 in Shields
 61643 | Zot:3    | Reached skill level 15 in Stealth
 61648 | Zot:3    | Reached skill level 23 in Dodging
 62602 | Zot:3    | Found the +2 hood of the Assassin {Detection Stab+ Stlth++}
 62837 | Zot:4    | Noticed a Killer Klown
 62846 | Zot:4    | Killed a Killer Klown
 63289 | Zot:4    | Noticed an orb of fire
 63318 | Zot:4    | Killed an orb of fire
 63548 | Zot:4    | Reached XP level 26. HP: 204/204 MP: 28/42
 63575 | Zot:4    | Reached skill level 24 in Dodging
 63886 | Zot:4    | Noticed Parghit
 63912 | Zot:4    | Killed Parghit
 64454 | Zot:5    | Entered Level 5 of the Realm of Zot
 64894 | Zot:5    | Reached skill level 25 in Dodging
 65563 | Zot:5    | Noticed an orb of fire
 65577 | Zot:5    | Noticed a dread lich
 65587 | Zot:5    | Killed an orb of fire
 65592 | Zot:5    | Killed a dread lich
 65644 | Zot:5    | Reached skill level 26 in Dodging
 65655 | Zot:5    | Noticed an orb of fire
 65658 | Zot:5    | Gained mutation: You sometimes lose your temper in combat.
                  | [an orb of fire]
 65665 | Zot:5    | Gained mutation: You occasionally lose the ability to read
                  | scrolls when taking damage. [an orb of fire]
 65670 | Zot:5    | Killed an orb of fire
 65680 | Zot:5    | Lost mutation: You sometimes lose your temper in combat.
                  | [potion of mutation]
 65680 | Zot:5    | Lost mutation: You occasionally lose the ability to read
                  | scrolls when taking damage. [potion of mutation]
 65680 | Zot:5    | Gained mutation: You have hidden genetic potential. [potion
                  | of mutation]
 65680 | Zot:5    | Lost mutation: You have hidden genetic potential. [potion
                  | of mutation]
 65680 | Zot:5    | Gained mutation: You are strong-willed. (Will+) [potion of
                  | mutation]
 65739 | Zot:5    | Learned a level 5 spell: Lee's Rapid Deconstruction
 65800 | Zot:5    | Noticed a dread lich
 65825 | Zot:5    | Killed a dread lich
 65894 | Zot:5    | Learned a level 6 spell: Summon Cactus Giant
 65930 | Zot:5    | Noticed a dread lich
 65937 | Zot:5    | Killed a dread lich
 66173 | Zot:5    | Reached skill level 27 in Dodging
 66315 | Zot:5    | Got the Orb of Zot
 66768 | D:10     | Noticed Fubopp the pandemonium lord
 66778 | D:9      | Noticed Vylast the pandemonium lord
 66954 | D:$      | Escaped with the Orb!

Illustrated notes

Levels and vault maps discovered:
D:1:      dpeg_arrival_boxorama, layout_basic
D:2:      layout_basic, guppyfry_early_orc_mine, uniq_robin
D:3:      minmay_wonky_spiral, layout_basic,
          hellmonk_ecumenical_altar_inner_sanctum,
          nicolae_elevator_lobby_asterisk
D:4:      layout_loops_cross, hellmonk_okawaru_the_only_friend_you_need,
          st_stairs_3
D:5:      layout_cave_pools
D:6:      layout_gridville, mainiacjoe_overflow_24_doors,
          minmay_temple_entry_mini_moons, serial_shops, nicolae_shop_trees,
          uniq_edmund, uniq_duvessa
D:7:      layout_basic, nzn_wu_jian_contemplation, grunt_gozag_breadcrumbs,
          lemuel_tele_altar
D:8:      layout_loops_corners, nicolae_uskayaw_suspiria, uniq_erica,
          uniq_pikel, uniq_maggie, uniq_gastronok
D:9:      layout_rooms, lemuel_blue_sif_altar, demons_altar,
          minmay_increasing_density
D:10:     layout_loops_ring, lair_entry_dummy, hiddenorc2_lemuel,
          ebering_ghost_inner_flame, enter_bailey_3
D:11:     layout_loops_ring, gammafunk_ghost_stat_death, uniq_sonja, uniq_urug
D:12:     layout_rooms, serial_glass, glass_columns_a, glass_columns_a,
          glass_columns_a, glass_columns_a, glass_columns_b, glass_columns_a,
          glass_columns_a, glass_columns_c, glass_columns_a, glass_columns_b,
          minmay_strange_pillars, serial_shops, nicolae_shop_crystal,
          uniq_kirke, uniq_azrael
D:13:     layout_basic, erik_vaults_1, serial_ice, serial_ice_e, serial_ice_a,
          serial_ice_c, serial_ice_m, serial_ice_g, serial_ice_k, serial_ice_h,
          serial_ice_n, david_defended_altar_orc
D:14:     layout_roguey [special_room_orc], serial_park_tiny_1, uniq_lodul,
          uniq_snorg
D:15:     hangedman_depths_entry_civil_slaughter, layout_cave_pods,
          fountainhead, uniq_nessos
Temple:   eino_temple_water
Lair:1:   layout_misc_corridors, ebering_ghost_xom, uniq_nergalle
Lair:2:   layout_roguey [special_room_bee], palyth_hydra_swamp_entry,
          dummy_spider_entry, portal_ice_cave_demonic_guard, grunt_megastairs_2,
          infiniplex_staircase_pool, lemuel_fruit_fields, serial_bayou_shore_a
Lair:3:   layout_regular_city
Lair:4:   layout_long_grid, slime_entry_2
Lair:5:   hangedman_lair_tendril_chambers, layout_cave_shapes
Swamp:1:  layout_basic_swamp, gammafunk_ghost_grave,
          evilmike_swamp_ruin_house_2, uniq_mlioglotl
Swamp:2:  layout_falls_marsh, evilmike_swamp_ruin_house_4
Swamp:3:  layout_basic_swamp, hangedman_swamp_ruin_hall, uniq_donald
Swamp:4:  swamp_vile, layout_basic_swamp, grunt_ruined_hall
Spider:1: layout_chambers
Spider:2: nicolae_spider_hilbert_zone_2 [nicolae_spider_hilbert_4_sides_1_open,
          nicolae_spider_hilbert_4_sides_1_open,
          nicolae_spider_hilbert_4_sides_1_open,
          nicolae_spider_hilbert_4_sides_1_open,
          nicolae_spider_hilbert_6_sides_1_open,
          nicolae_spider_hilbert_6_sides_1_open,
          nicolae_spider_hilbert_3_sides_1_open,
          nicolae_spider_hilbert_3_sides_1_open,
          nicolae_spider_hilbert_3_sides_1_open,
          nicolae_spider_hilbert_3_sides_1_open,
          nicolae_spider_hilbert_6_sides_1_open,
          nicolae_spider_hilbert_6_sides_1_open,
          nicolae_spider_hilbert_6_sides_1_open,
          nicolae_spider_hilbert_6_sides_1_open], uniq_nikola
Spider:3: layout_spider_delve, gammafunk_ghost_split, nicolae_arachne_temple,
          uniq_jorgrun
Spider:4: hellmonk_spider_rune_endless_swarm, guppyfry_spider_mini_3,
          uniq_arachne
Slime:1:  layout_caves
Slime:2:  layout_caves
Slime:3:  layout_caves
Slime:4:  layout_caves, cheibrodos_slime_lost_civilization_6
Slime:5
Orc:1:    layout_diamond_mine, serial_shops, nicolae_diamond_shop,
          nicolae_shop_statue_plus, nicolae_orc_lava_room, uniq_erolcha
Orc:2:    st_orc_pillars, layout_diamond_mine, serial_shops, shop,
          biasface_ghost_orc_armoury, nicolae_shop_overcharged_wands
Elf:1:    eino_elf_arrival_the_gate, layout_gridlike, minmay_elf_annihilation,
          minmay_shoptagon
Elf:2:    nicolae_elf_blades_splatter_lattice
          [nicolae_blade_entry_floor_patterns], layout_gridlike, serial_shops,
          shop_fountains, gammafunk_ghost_cemetery
Elf:3:    minmay_elf_hall_dome, layout_loops_corners
Vaults:1: v_misc_23, grunt_vaults_twisty, vaults_room_hangedman_quadrants,
          vaults_room_pool, v_misc_15, nicolae_vaults_twisting_passages,
          nicolae_vaults_what_the_h, ontoclasm_vaults_claustrophobia,
          vaults_standard_mumra_x, ontoclasm_vaults_gateway,
          nicolae_vaults_border_crossing, vaults_room_corners,
          layout_vaults_omnibox
Vaults:2: minmay_crypt_entry_necro_gods, nicolae_vaults_back_hallway,
          nicolae_vaults_shelves_hall, v_misc_30, nicolae_vaults_angled_halls,
          hangedman_vaults_trim, vaults_room_fancy_cross, ontoclasm_vaults_chip,
          vaults_room_pools, layout_vaults_chaotic_city
Vaults:3: nicolae_vaults_network_square, vaults_room_hallway, v_misc_8,
          ontoclasm_vaults_ring_small, ontoclasm_vaults_ligature,
          nicolae_vaults_stairing_the_circle, nicolae_vaults_murderbox,
          v_alt_pattern_6, v_misc_26, vaults_dpeg_hooks,
          nicolae_vaults_angled_halls, layout_vaults_omnigrid, uniq_zenata
Vaults:4: vaults_room_hallway, v_misc_10, nicolae_vaults_branching_niches,
          dpeg_vaults_monster_row, nicolae_vaults_big_ls,
          ontoclasm_vaults_decontamination, v_misc_23, nicolae_vaults_asterisk,
          ontoclasm_vaults_idyll, ontoclasm_vaults_eye,
          layout_vaults_maze_snakey
Crypt:1:  minmay_guarded_unrand_majin_bo, layout_chaotic_city,
          mu_enter_wizlab_5, st_stairs_11, uniq_vv
Crypt:2:  layout_chaotic_city, uniq_josephina
Crypt:3:  grunt_crypt_end_deaths_head, uniq_bai_suzhen
Depths:1: layout_cave_pools, abyss_entry_flame_altar, kennysheep_nondescript,
          hangedman_geh_valley, hellmonk_bongcloud_opening,
          hangedman_decor_clover_reticule, serial_sigils_hangedman_scratch,
          kilobyte_mutagenic_chamber
Depths:2: minmay_chopped_fan, layout_basic, serial_shops, shop,
          grunt_pan_entry_sceptre, hell_entry, serial_bayou_shore_b, uniq_sojobo
Depths:3: nzn_winding_woodlands_stair_trap [nzn_winding_woodlands_5x15_zeroes,
          nzn_winding_woodlands_5x15_split_checker,
          nzn_winding_woodlands_5x15_lazy_stream,
          nzn_winding_woodlands_15x15_thick_spiral,
          nzn_winding_woodlands_5x15_jagged,
          nzn_winding_woodlands_5x15_river_crossing,
          nzn_winding_woodlands_5x15_default], layout_cave_pools,
          enter_ziggurat_c, rand_demon_pan_entry_8, lemuel_doored_altar,
          hangedman_tar_grid_catacomb, nicolae_abyss_entry_one_way_or_another
Depths:4: grunt_bruiser_brothers, layout_basic, hell_entry, abyss_entry,
          serial_shops, bzr_entry_gold, nicolae_shop_stone, shop_statue,
          shop_fountains, nicolae_inconvenience_store,
          nicolae_ru_great_annihilating_truth
Zot:1:    layout_basic, grunt_megastairs_4
Zot:2:    layout_concentric_octagons, st_stairs_6, grunt_ministairs_7
Zot:3:    layout_concentric_octagons, nicolae_zot_crop_circle,
          grunt_megastairs_1
Zot:4:    layout_onion, lemuel_elevator, uniq_parghit
Zot:5:    layout_twisted_circle

Skill      XL: |  1  2  3  4  5  6  7  8  9 10 11 12 13 14 15 16 17 18 19 20 21 22 23 24 25 26 |
---------------+-------------------------------------------------------------------------------+-----
Stealth        | 4 6 7 9 10 11 13 14 18 | 18.4
Ice Magic      | 5 6 7 8 |  8.0
Spellcasting   | 3 4 5 7 8 9 10 11 12 13 14 15 | 15.3
Summonings     | 1 3 5 6 7 8 11 12 14 16 18 | 18.0
Fighting       | 1 2 3 4 5 6 8 10 12 14 15 16 | 16.1
Hexes          | 3 7 9 10 11 14 17 19 20 | 20.0
Dodging        | 3 4 6 8 9 10 13 15 18 20 22 23 27 | 27.0
Short Blades   | 3 5 6 9 10 | 10.0
Evocations     | 2 4 6 8 10 | 10.0
Necromancy     | 3 7 11 13 15 16 17 18 19 20 | 20.0
Translocations | 2 4 |  4.0
Shields        | 1 5 8 10 | 10.0
Transmutations | 4 |  4.0
Armour         | 4 5 6 |  6.5
Earth Magic    | 4 6 |  6.0

Action                   |  1- 3 |  4- 6 |  7- 9 | 10-12 | 13-15 | 16-18 | 19-21 | 22-24 | 25-27 || total
-------------------------+-------+-------+-------+-------+-------+-------+-------+-------+-------++-------
Melee: Dagger            |     2 |     1 |       |       |       |       |       |       |       ||     3
       Mace              |       |    14 |    88 |    12 |     5 |       |       |       |       ||   119
       Bite              |       |     1 |    11 |    63 |   176 |   102 |   123 |   116 |    75 ||   667
       Punch             |       |       |     1 |     3 |    11 |       |       |       |       ||    15
       Staff             |       |       |       |    32 |     1 |       |       |       |       ||    33
       Short sword       |       |       |       |   370 |  1042 |   467 |   665 |   630 |   384 ||  3558
       Quick blade       |       |       |       |       |    49 |   125 |       |       |       ||   174
 Fire: Sling             |    83 |   130 |    49 |       |       |       |       |       |       ||   262
Throw: Dart              |       |     4 |    16 |     7 |     2 |     4 |     4 |       |       ||    37
       Stone             |       |       |    12 |       |       |       |       |       |       ||    12
       Throwing net      |       |       |       |       |       |       |       |     1 |       ||     1
 Cast: Freeze            |    14 |    34 |    36 |    16 |     2 |       |       |       |       ||   102
       Frozen Ramparts   |     3 |     9 |    26 |    62 |    84 |    33 |       |       |       ||   217
       Summon Ice Beast  |       |       |    17 |    65 |    83 |     8 |       |       |       ||   173
       Tukima's Dance    |       |       |    22 |    18 |       |       |       |       |       ||    40
       Ozocubu's Armour  |       |       |       |    25 |    75 |    23 |     7 |     8 |       ||   138
       Confusing Touch   |       |       |       |     8 |    56 |    11 |     7 |     2 |       ||    84
       Dispel Undead     |       |       |       |    15 |    21 |     8 |    19 |    67 |     7 ||   137
       Simulacrum        |       |       |       |       |    47 |   126 |    27 |    42 |    13 ||   255
       Passwall          |       |       |       |       |    14 |    10 |    10 |     3 |    44 ||    81
       Blink             |       |       |       |       |     1 |       |     1 |       |     2 ||     4
       Haunt             |       |       |       |       |       |   144 |   136 |    90 |   111 ||   481
       Summon Cactus Gia |       |       |       |       |       |    21 |    34 |    24 |    21 ||   100
       Borgnjor's Vile C |       |       |       |       |       |     4 |   224 |   105 |   147 ||   480
       Enfeeble          |       |       |       |       |       |       |       |    31 |    78 ||   109
       Sublimation of Bl |       |       |       |       |       |       |       |    11 |     7 ||    18
       Apportation       |       |       |       |       |       |       |       |       |     8 ||     8
       Summon Mana Viper |       |       |       |       |       |       |       |       |    17 ||    17
       Yara's Violent Un |       |       |       |       |       |       |       |       |     3 ||     3
       Lee's Rapid Decon |       |       |       |       |       |       |       |       |     3 ||     3
Invok: Unearth Wretches  |       |       |       |     1 |     6 |     4 |     1 |       |     1 ||    13
       Receive Forbidden |       |       |       |       |     1 |       |       |       |       ||     1
       Torment           |       |       |       |       |       |       |       |     1 |       ||     1
Evoke: Wand              |       |       |     4 |    21 |    15 |    11 |    10 |    10 |    24 ||    95
       Phantom mirror    |       |       |       |     1 |       |       |     1 |       |       ||     2
       Phial of floods   |       |       |       |       |       |     1 |     1 |     1 |       ||     3
       Lightning rod     |       |       |       |       |       |       |       |     5 |     4 ||     9
       Tin of tremorston |       |       |       |       |       |       |       |     4 |     2 ||     6
  Use: Scroll            |     1 |     3 |     7 |    10 |    20 |    31 |    11 |     9 |    15 ||   107
       Potion            |       |       |     1 |     3 |       |    19 |     9 |     4 |    13 ||    49
 Stab: Sleeping          |     2 |     1 |     1 |     5 |    49 |    24 |    59 |    27 |    39 ||   207
       Distracted        |       |       |     1 |     3 |    10 |     5 |     2 |     4 |     3 ||    28
       Confused          |       |       |       |     4 |    68 |    12 |     4 |       |       ||    88
       Invisible         |       |       |       |     6 |       |       |       |    23 |    34 ||    63
       Paralysed         |       |       |       |     4 |     2 |       |       |     4 |     2 ||    12
       Petrified         |       |       |       |     3 |       |       |       |       |       ||     3
Armor: Robe              |     3 |    10 |    45 |    48 |   163 |       |       |       |       ||   269
       Steam dragon scal |       |       |       |    94 |       |       |       |       |       ||    94
       Animal skin       |       |       |       |    12 |   101 |   200 |   117 |    32 |       ||   462
       Leather armour    |       |       |       |       |       |       |       |    57 |    71 ||   128
Dodge: Dodged            |    11 |    27 |   100 |   317 |   492 |   428 |   485 |   466 |   318 ||  2644
Block: Buckler           |       |       |       |       |    70 |   146 |   111 |   133 |       ||   460
       Kite shield       |       |       |       |       |       |       |       |   116 |   271 ||   387
       Reflection        |       |       |       |       |       |       |       |     1 |     3 ||     4

Table legend: (Time is in decaauts)
 A = Elapsed time spent in this place.
 B = Non-inter-level travel time spent in this place.
 C = Inter-level travel time spent in this place.
 D = Time resting spent in this place.
 E = Time spent auto-exploring this place.
 F = Levels seen in this place.
 G = Mean time per level.
                   A        B        C        D        E       F      G
               +--------+--------+--------+--------+--------+-----+--------+
         Total |  65431 |  60540 |   4891 |  10479 |  25623 |  61 | 1072.6 |
       Dungeon |  17666 |  15994 |   1672 |   2742 |   6720 |  15 | 1177.7 |
        Temple |     67 |     51 |     16 |      0 |      0 |   1 |   67.0 |
          Lair |   6605 |   5831 |    774 |   1442 |   2338 |   5 | 1321.0 |
         Swamp |   2990 |   2886 |    104 |    432 |   1327 |   4 |  747.5 |
   Spider Nest |   5545 |   5137 |    408 |    861 |   1913 |   4 | 1386.2 |
    Slime Pits |    665 |    618 |     47 |    203 |      0 |   5 |  133.0 |
  Orcish Mines |   2729 |   2254 |    475 |    402 |    776 |   2 | 1364.5 |
   Elven Halls |   3687 |   3452 |    235 |    465 |   1962 |   3 | 1229.0 |
        Vaults |   5849 |   5580 |    269 |    505 |   3024 |   4 | 1462.2 |
         Crypt |   3530 |   3415 |    115 |    590 |   1386 |   3 | 1176.7 |
        Depths |   5225 |   4721 |    504 |    596 |   2372 |   4 | 1306.2 |
           Zot |   6994 |   6726 |    268 |    790 |   3708 |   5 | 1398.8 |
         Abyss |    644 |    644 |      0 |     29 |      0 |   2 |  322.0 |
        Bazaar |    106 |    106 |      0 |      0 |     38 |   1 |  106.0 |
        Bailey |    910 |    910 |      0 |    513 |     16 |   1 |  910.0 |
      Ice Cave |   1785 |   1785 |      0 |    839 |      0 |   1 | 1785.0 |
        Wizlab |    426 |    426 |      0 |     68 |     41 |   1 |  426.0 |
               +--------+--------+--------+--------+--------+-----+--------+

Top non-repeatable levels by time:
   Orc:2: 2105 daAuts
  Lair:2: 1985 daAuts
Spider:3: 1953 daAuts
    D:10: 1859 daAuts
     D:8: 1855 daAuts
   Zot:4: 1794 daAuts
   IceCv: 1785 daAuts
  Lair:5: 1721 daAuts
   Zot:5: 1677 daAuts
Vaults:3: 1667 daAuts
   Elf:3: 1665 daAuts
Depths:4: 1478 daAuts
Vaults:1: 1473 daAuts
 Crypt:3: 1467 daAuts
Vaults:4: 1465 daAuts
